[ AOE2 MATCH · #480035679 ]
UnrankedItalians vs Chinese
[ REPLAY ANALYSIS · EXTRACTED FROM THE RECORDED GAME ]
Feudal
10:56
Castle
14:26
Imperial
26:18
| APM avg | 50.3 |
| APM peak | 79 |
| eAPM avg | 24.1 |
| Villagers / military | 148 / 61 |
Focus
⚔️ 24.8% · 🌾 75.2%
Genoese Crossbowman ×43 · Bombard Cannon ×10 · Trebuchet (Packed) ×6 · Scorpion ×1 · Battering Ram ×1
Feudal
10:17
Castle
15:26
Imperial
28:13
| APM avg | 39.4 |
| APM peak | 80 |
| eAPM avg | 25.7 |
| Villagers / military | 183 / 30 |
Focus
⚔️ 34.2% · 🌾 65.8%
Chu Ko Nu ×26 · Trebuchet (Packed) ×3 · Archer ×1
Feudal
11:46
Castle
15:19
Imperial
29:29
| APM avg | 43.9 |
| APM peak | 83 |
| eAPM avg | 25.9 |
| Villagers / military | 163 / 0 |
Focus
⚔️ 26.0% · 🌾 74.0%
Unknown (1968) ×131
Feudal
10:58
Castle
14:28
Imperial
—
| APM avg | 41.2 |
| APM peak | 100 |
| eAPM avg | 26.1 |
| Villagers / military | 188 / 18 |
Focus
⚔️ 33.2% · 🌾 66.8%
Magyar Huszar ×8 · Monk ×3 · Battering Ram ×3 · Petard ×2 · Knight ×1 · Spearman ×1
Feudal
8:31
Castle
24:44
Imperial
—
| APM avg | 35.2 |
| APM peak | 73 |
| eAPM avg | 20.3 |
| Villagers / military | 85 / 8 |
Focus
⚔️ 34.7% · 🌾 65.3%
War Wagon ×7 · Iron Pagoda ×1
Feudal
12:37
Castle
17:18
Imperial
31:22
| APM avg | 40.2 |
| APM peak | 115 |
| eAPM avg | 20.6 |
| Villagers / military | 165 / 25 |
Focus
⚔️ 23.7% · 🌾 76.3%
Skirmisher ×20 · Battering Ram ×5
Match map
Initial resources + every placement click. Lines = walls · curves = elevation contours. ◆ gold · ⬟ stone · ● berries · ✦ relic · ◌ wall gap
Your base· ✓ Closed at 14:26 · 2t walls · 4 gate(s)
MrLokura's base· ✓ Closed at 15:26 · 0t walls · 3 gate(s)
Papi Char's base· ✓ Closed at 15:19 · 1t walls · 4 gate(s)
北冥有鲲's base· ✓ Closed at 14:28 · 0t walls · 2 gate(s)
Tejo y Pola's base· ✓ Closed at 24:44 · 26t walls · 3 gate(s)
Dren's base· ✓ Closed at 17:18 · 29t walls · 5 gate(s)
Smoothed initial terrain · ◌ = detected wall gap · hover for details
Inputs per minute
— Paradox - - MrLokura
Build order — Paradox
First 150 of 341 actions detected
| 0:01 | Create | Villager (Male) |
| 0:01 | Create | Villager (Male) |
| 0:01 | Create | Villager (Male) |
| 0:02 | Build | House |
| 0:03 | Build | House |
| 0:04 | Create | Villager (Male) |
| 1:24 | Create | Villager (Male) |
| 1:51 | Build | Lumber Camp |
| 1:56 | Create | Villager (Male) |
| 2:08 | Create | Villager (Male) |
| 2:38 | Create | Villager (Male) |
| 2:38 | Create | Villager (Male) |
| 2:56 | Create | Villager (Male) |
| 2:57 | Create | Villager (Male) |
| 3:27 | Create | Villager (Male) |
| 3:27 | Create | Villager (Male) |
| 3:46 | Create | Villager (Male) |
| 3:53 | Build | House |
| 3:54 | Build | House |
| 3:54 | Build | House |
| 4:15 | Build | Palisade Gate |
| 4:18 | Build | Palisade Gate |
| 4:22 | Create | Villager (Male) |
| 4:23 | Create | Villager (Male) |
| 4:31 | Build | Palisade Wall |
| 4:32 | Build | Palisade Wall |
| 4:36 | Create | Villager (Male) |
| 4:59 | Create | Villager (Male) |
| 4:59 | Create | Villager (Male) |
| 5:10 | Create | Villager (Male) |
| 5:10 | Create | Villager (Male) |
| 5:12 | Build | Mill |
| 5:22 | Create | Villager (Male) |
| 5:40 | Create | Villager (Male) |
| 6:30 | Build | Lumber Camp |
| 6:37 | Create | Villager (Male) |
| 7:28 | Create | Villager (Male) |
| 7:44 | Create | Villager (Male) |
| 7:51 | Build | Farm |
| 7:52 | Build | Farm |
| 8:11 | Create | Villager (Male) |
| 8:34 | Research | Feudal Age |
| 8:36 | Build | Mining Camp |
| 10:37 | Create | Villager (Male) |
| 10:38 | Create | Villager (Male) |
| 10:56 | Age | Feudal Age |
| 10:58 | Build | Market |
| 11:00 | Build | Blacksmith |
| 11:44 | Research | Castle Age |
| 11:51 | Research | Double-Bit Axe |
| 11:56 | Build | House |
| 12:09 | Research | Horse Collar |
| 12:10 | Research | Horse Collar |
| 12:27 | Build | Farm |
| 12:30 | Build | Farm |
| 13:19 | Build | Farm |
| 13:51 | Create | Villager (Male) |
| 14:18 | Create | Villager (Male) |
| 14:26 | Age | Castle Age |
| 14:27 | Create | Villager (Male) |
| 14:32 | Build | Town Center |
| 14:34 | Create | Villager (Male) |
| 14:36 | Build | Town Center |
| 14:44 | Research | Bow Saw |
| 14:44 | Research | Bow Saw |
| 14:45 | Create | Villager (Male) |
| 14:49 | Build | Farm |
| 15:13 | Create | Villager (Male) |
| 15:15 | Build | Farm |
| 15:16 | Build | Farm |
| 15:34 | Create | Villager (Male) |
| 15:35 | Build | Farm |
| 15:36 | Build | Farm |
| 15:43 | Create | Villager (Male) |
| 15:49 | Research | Wheelbarrow |
| 15:49 | Research | Wheelbarrow |
| 15:57 | Create | Villager (Male) |
| 15:58 | Create | Villager (Male) |
| 16:01 | Build | Farm |
| 16:04 | Create | Villager (Male) |
| 16:04 | Create | Villager (Male) |
| 16:07 | Build | Farm |
| 16:12 | Create | Villager (Male) |
| 16:12 | Create | Villager (Male) |
| 16:15 | Build | Mining Camp |
| 16:21 | Create | Villager (Male) |
| 16:23 | Build | Farm |
| 16:26 | Build | Farm |
| 16:45 | Create | Villager (Male) |
| 16:45 | Create | Villager (Male) |
| 16:49 | Build | Farm |
| 16:49 | Build | Farm |
| 16:56 | Create | Villager (Male) |
| 16:57 | Create | Villager (Male) |
| 17:06 | Build | House |
| 17:12 | Build | House |
| 17:16 | Create | Villager (Male) |
| 17:20 | Build | Farm |
| 17:21 | Create | Villager (Male) |
| 17:33 | Build | Farm |
| 17:36 | Create | Villager (Male) |
| 17:36 | Create | Villager (Male) |
| 17:39 | Build | Farm |
| 17:45 | Create | Villager (Male) |
| 17:54 | Build | Farm |
| 18:08 | Create | Villager (Male) |
| 18:08 | Create | Villager (Male) |
| 18:09 | Create | Villager (Male) |
| 18:20 | Build | House |
| 18:23 | Build | House |
| 18:26 | Create | Villager (Male) |
| 18:26 | Create | Villager (Male) |
| 18:26 | Create | Villager (Male) |
| 18:32 | Research | Town Watch |
| 18:32 | Research | Town Watch |
| 18:34 | Research | Loom |
| 18:34 | Research | Loom |
| 18:34 | Create | Villager (Male) |
| 18:37 | Build | Farm |
| 18:44 | Create | Villager (Male) |
| 18:46 | Build | Farm |
| 18:47 | Build | Farm |
| 18:59 | Research | Gold Mining |
| 19:00 | Research | Gold Mining |
| 19:05 | Create | Villager (Male) |
| 19:05 | Create | Villager (Male) |
| 19:11 | Build | Farm |
| 19:14 | Build | Farm |
| 19:16 | Create | Villager (Male) |
| 19:16 | Create | Villager (Male) |
| 19:20 | Build | Farm |
| 19:22 | Build | Farm |
| 19:24 | Build | House |
| 19:25 | Build | House |
| 19:39 | Create | Villager (Male) |
| 19:39 | Create | Villager (Male) |
| 19:40 | Create | Villager (Male) |
| 19:40 | Create | Villager (Male) |
| 19:48 | Research | Fletching |
| 19:48 | Research | Fletching |
| 19:52 | Create | Villager (Male) |
| 19:53 | Create | Villager (Male) |
| 19:53 | Create | Villager (Male) |
| 19:55 | Build | House |
| 19:55 | Build | House |
| 20:05 | Create | Villager (Male) |
| 20:06 | Create | Villager (Male) |
| 20:10 | Build | University |
| 20:15 | Create | Villager (Male) |
| 20:15 | Create | Villager (Male) |
Build order — MrLokura
First 150 of 353 actions detected
| 0:01 | Research | Loom |
| 0:01 | Research | Loom |
| 0:02 | Build | House |
| 0:54 | Create | Villager (Male) |
| 0:54 | Create | Villager (Male) |
| 1:20 | Create | Villager (Male) |
| 1:21 | Create | Villager (Male) |
| 1:46 | Create | Villager (Male) |
| 1:47 | Create | Villager (Male) |
| 1:53 | Build | Lumber Camp |
| 2:09 | Create | Villager (Male) |
| 2:09 | Create | Villager (Male) |
| 2:09 | Create | Villager (Male) |
| 2:31 | Create | Villager (Male) |
| 2:31 | Create | Villager (Male) |
| 2:31 | Create | Villager (Male) |
| 2:55 | Create | Villager (Male) |
| 2:55 | Create | Villager (Male) |
| 3:20 | Create | Villager (Male) |
| 3:20 | Create | Villager (Male) |
| 3:46 | Create | Villager (Male) |
| 3:46 | Create | Villager (Male) |
| 4:00 | Create | Villager (Male) |
| 4:00 | Create | Villager (Male) |
| 4:31 | Create | Villager (Male) |
| 4:31 | Create | Villager (Male) |
| 4:32 | Create | Villager (Male) |
| 4:43 | Build | Mill |
| 4:52 | Build | House |
| 5:01 | Create | Villager (Male) |
| 5:01 | Create | Villager (Male) |
| 5:01 | Create | Villager (Male) |
| 5:01 | Create | Villager (Male) |
| 5:25 | Create | Villager (Male) |
| 5:37 | Create | Villager (Male) |
| 5:37 | Create | Villager (Male) |
| 5:44 | Build | Farm |
| 5:45 | Build | Farm |
| 5:55 | Create | Villager (Male) |
| 5:55 | Create | Villager (Male) |
| 7:01 | Build | House |
| 7:03 | Build | Mining Camp |
| 7:12 | Create | Villager (Male) |
| 7:32 | Build | Farm |
| 7:38 | Create | Villager (Male) |
| 7:47 | Create | Villager (Male) |
| 8:07 | Research | Feudal Age |
| 8:08 | Research | Feudal Age |
| 8:18 | Create | Villager (Male) |
| 9:09 | Build | Mill |
| 9:18 | Create | Villager (Male) |
| 10:11 | Create | Villager (Male) |
| 10:17 | Age | Feudal Age |
| 10:23 | Build | Blacksmith |
| 10:27 | Build | Market |
| 10:28 | Research | Horse Collar |
| 10:35 | Build | Farm |
| 11:09 | Build | Farm |
| 11:37 | Create | Villager (Male) |
| 11:45 | Build | Farm |
| 11:51 | Build | Farm |
| 11:55 | Create | Villager (Male) |
| 11:57 | Build | House |
| 12:46 | Research | Castle Age |
| 12:46 | Research | Castle Age |
| 14:11 | Build | Outpost |
| 14:49 | Create | Villager (Male) |
| 14:52 | Research | Double-Bit Axe |
| 15:26 | Age | Castle Age |
| 15:28 | Build | Town Center |
| 15:29 | Create | Villager (Male) |
| 15:33 | Create | Villager (Male) |
| 15:45 | Build | Town Center |
| 15:49 | Create | Villager (Male) |
| 15:56 | Research | Town Watch |
| 15:57 | Create | Villager (Male) |
| 15:59 | Create | Villager (Male) |
| 16:01 | Build | House |
| 16:03 | Create | Villager (Male) |
| 16:05 | Create | Villager (Male) |
| 16:22 | Build | Farm |
| 16:35 | Create | Villager (Male) |
| 16:39 | Create | Villager (Male) |
| 16:42 | Create | Villager (Male) |
| 16:47 | Create | Villager (Male) |
| 16:49 | Research | Bow Saw |
| 16:58 | Research | Heavy Plow |
| 16:58 | Research | Heavy Plow |
| 16:58 | Research | Heavy Plow |
| 16:59 | Create | Villager (Male) |
| 17:02 | Create | Villager (Male) |
| 17:11 | Create | Villager (Male) |
| 17:12 | Create | Villager (Male) |
| 17:13 | Create | Villager (Male) |
| 17:16 | Build | Farm |
| 17:17 | Create | Villager (Male) |
| 17:21 | Create | Villager (Male) |
| 17:22 | Create | Villager (Male) |
| 17:27 | Create | Villager (Male) |
| 17:33 | Build | Lumber Camp |
| 17:34 | Create | Villager (Male) |
| 17:40 | Create | Villager (Male) |
| 17:40 | Create | Villager (Male) |
| 17:43 | Build | Farm |
| 17:49 | Create | Villager (Male) |
| 17:50 | Create | Villager (Male) |
| 17:53 | Build | Farm |
| 17:58 | Create | Villager (Male) |
| 17:59 | Create | Villager (Male) |
| 18:05 | Build | Farm |
| 18:11 | Create | Villager (Male) |
| 18:21 | Create | Villager (Male) |
| 18:33 | Create | Villager (Male) |
| 18:36 | Build | Farm |
| 18:37 | Build | Farm |
| 18:41 | Build | Farm |
| 18:42 | Build | Farm |
| 18:47 | Create | Villager (Male) |
| 18:50 | Build | Farm |
| 18:55 | Create | Villager (Male) |
| 18:57 | Build | Farm |
| 19:02 | Build | Farm |
| 19:05 | Create | Villager (Male) |
| 19:05 | Create | Villager (Male) |
| 19:11 | Create | Villager (Male) |
| 19:14 | Build | Farm |
| 19:22 | Create | Villager (Male) |
| 19:22 | Create | Villager (Male) |
| 19:33 | Build | Farm |
| 19:41 | Create | Villager (Male) |
| 19:45 | Build | Farm |
| 19:46 | Create | Villager (Male) |
| 19:48 | Create | Villager (Male) |
| 19:48 | Create | Villager (Male) |
| 19:50 | Build | Farm |
| 20:00 | Create | Villager (Male) |
| 20:01 | Create | Villager (Male) |
| 20:10 | Create | Villager (Male) |
| 20:14 | Build | Farm |
| 20:16 | Build | Farm |
| 20:20 | Build | Farm |
| 20:21 | Create | Villager (Male) |
| 20:21 | Create | Villager (Male) |
| 20:31 | Build | Outpost |
| 20:31 | Create | Villager (Male) |
| 20:32 | Create | Villager (Male) |
| 20:44 | Create | Villager (Male) |
| 20:48 | Create | Villager (Male) |
| 20:52 | Build | Farm |
| 20:52 | Create | Villager (Male) |
Build order — Papi Char
First 150 of 416 actions detected
| 0:00 | Create | Villager (Male) ×4 |
| 0:01 | Create | Villager (Male) ×4 |
| 0:02 | Build | House |
| 0:03 | Build | House |
| 1:30 | Create | Villager (Male) |
| 1:30 | Create | Villager (Male) |
| 1:53 | Build | Lumber Camp |
| 1:58 | Create | Villager (Male) |
| 1:58 | Create | Villager (Male) |
| 2:14 | Create | Villager (Male) |
| 2:49 | Create | Villager (Male) |
| 2:49 | Create | Villager (Male) |
| 2:56 | Create | Villager (Male) |
| 2:56 | Create | Villager (Male) |
| 3:31 | Create | Villager (Male) |
| 3:32 | Create | Villager (Male) |
| 3:48 | Create | Villager (Male) |
| 3:48 | Create | Villager (Male) |
| 3:54 | Build | House |
| 3:56 | Build | House |
| 3:57 | Build | House |
| 4:17 | Create | Villager (Male) |
| 4:17 | Create | Villager (Male) |
| 4:34 | Create | Villager (Male) |
| 4:34 | Create | Villager (Male) |
| 4:46 | Build | Palisade Gate |
| 4:52 | Create | Villager (Male) |
| 4:59 | Build | Palisade Gate |
| 5:03 | Build | Palisade Wall |
| 5:37 | Create | Villager (Male) |
| 5:42 | Create | Villager (Male) |
| 5:45 | Build | Mill |
| 5:56 | Create | Villager (Male) |
| 6:35 | Build | Farm |
| 6:35 | Create | Villager (Male) |
| 7:00 | Build | Farm |
| 7:11 | Create | Villager (Male) |
| 7:51 | Create | Villager (Male) |
| 7:51 | Create | Villager (Male) |
| 7:53 | Build | Lumber Camp |
| 8:02 | Build | Farm |
| 8:25 | Create | Villager (Male) |
| 8:48 | Build | Farm |
| 8:50 | Create | Villager (Male) |
| 9:09 | Build | Farm |
| 9:28 | Build | Mining Camp |
| 9:34 | Research | Feudal Age |
| 9:34 | Research | Feudal Age |
| 10:59 | Create | Villager (Male) |
| 11:00 | Create | Villager (Male) |
| 11:46 | Age | Feudal Age |
| 11:50 | Build | Market |
| 11:52 | Build | Blacksmith |
| 12:39 | Research | Castle Age |
| 13:17 | Research | Double-Bit Axe |
| 13:18 | Research | Horse Collar |
| 13:52 | Create | Villager (Male) |
| 13:58 | Build | House |
| 14:03 | Build | House |
| 14:03 | Build | House |
| 14:19 | Build | Farm |
| 14:25 | Build | Farm |
| 14:33 | Create | Villager (Male) |
| 14:34 | Research | Wheelbarrow |
| 15:19 | Age | Castle Age |
| 15:28 | Build | Town Center |
| 15:29 | Create | Villager (Male) |
| 15:34 | Build | Town Center |
| 15:47 | Build | Town Center |
| 16:01 | Research | Bow Saw |
| 16:01 | Research | Bow Saw |
| 16:47 | Create | Villager (Male) |
| 16:47 | Create | Villager (Male) |
| 16:49 | Build | Farm |
| 16:50 | Build | Farm |
| 16:57 | Build | Farm |
| 17:01 | Build | Farm |
| 17:06 | Create | Villager (Male) |
| 17:13 | Build | Farm |
| 17:14 | Build | Farm |
| 17:16 | Create | Villager (Male) |
| 17:17 | Build | Farm |
| 17:26 | Build | Farm |
| 17:28 | Create | Villager (Male) |
| 17:28 | Create | Villager (Male) |
| 17:28 | Create | Villager (Male) |
| 17:34 | Build | Farm |
| 17:45 | Create | Villager (Male) |
| 17:45 | Create | Villager (Male) |
| 17:57 | Create | Villager (Male) |
| 18:12 | Create | Villager (Male) |
| 18:13 | Create | Villager (Male) |
| 18:20 | Create | Villager (Male) |
| 18:26 | Build | Farm |
| 18:27 | Build | Farm |
| 18:27 | Build | Farm |
| 18:29 | Build | Farm |
| 18:32 | Build | Farm |
| 18:33 | Create | Villager (Male) |
| 18:36 | Build | Farm |
| 18:36 | Build | Farm |
| 18:40 | Build | Farm |
| 18:40 | Build | Farm |
| 18:43 | Create | Villager (Male) |
| 18:43 | Create | Villager (Male) |
| 18:49 | Build | Farm |
| 18:50 | Build | Farm |
| 18:51 | Build | Farm |
| 18:52 | Create | Villager (Male) |
| 18:57 | Create | Villager (Male) |
| 18:57 | Create | Villager (Male) |
| 19:01 | Build | Farm |
| 19:02 | Build | Farm |
| 19:06 | Build | Farm |
| 19:15 | Create | Villager (Male) |
| 19:15 | Create | Villager (Male) |
| 19:17 | Build | Farm |
| 19:25 | Create | Villager (Male) |
| 19:26 | Build | Farm |
| 19:27 | Create | Villager (Male) |
| 19:27 | Create | Villager (Male) |
| 19:29 | Create | Villager (Male) |
| 19:32 | Create | Villager (Male) |
| 19:32 | Create | Villager (Male) |
| 19:38 | Build | Farm |
| 19:40 | Build | Farm |
| 19:43 | Build | Farm |
| 20:01 | Build | Farm |
| 20:02 | Create | Villager (Male) |
| 20:04 | Build | Farm |
| 20:05 | Create | Villager (Male) |
| 20:05 | Create | Villager (Male) |
| 20:07 | Build | Mill |
| 20:07 | Create | Villager (Male) |
| 20:08 | Create | Villager (Male) |
| 20:09 | Create | Villager (Male) |
| 20:09 | Create | Villager (Male) |
| 20:12 | Build | Farm |
| 20:13 | Create | Villager (Male) |
| 20:16 | Create | Villager (Male) |
| 20:20 | Build | Farm |
| 20:27 | Build | Farm |
| 20:35 | Create | Villager (Male) |
| 20:35 | Create | Villager (Male) |
| 20:35 | Create | Villager (Male) |
| 20:38 | Build | House |
| 20:38 | Create | Villager (Male) |
| 20:41 | Build | House |
| 20:42 | Build | House |
| 20:48 | Build | House |
Build order — 北冥有鲲
First 150 of 353 actions detected
| 0:01 | Create | Villager (Male) |
| 0:01 | Create | Villager (Male) |
| 0:02 | Create | Villager (Male) |
| 0:03 | Build | House |
| 0:05 | Build | House |
| 0:16 | Create | Villager (Male) |
| 0:16 | Create | Villager (Male) |
| 1:30 | Create | Villager (Male) |
| 1:31 | Create | Villager (Male) |
| 1:58 | Build | Lumber Camp |
| 2:03 | Create | Villager (Male) |
| 2:03 | Create | Villager (Male) |
| 2:20 | Create | Villager (Male) |
| 2:20 | Create | Villager (Male) |
| 2:46 | Create | Villager (Male) |
| 2:46 | Create | Villager (Male) |
| 3:02 | Create | Villager (Male) |
| 3:02 | Create | Villager (Male) |
| 3:27 | Build | House |
| 3:27 | Build | House |
| 3:33 | Create | Villager (Male) |
| 3:33 | Create | Villager (Male) |
| 3:54 | Create | Villager (Male) |
| 3:54 | Create | Villager (Male) |
| 4:12 | Build | House |
| 4:26 | Create | Villager (Male) |
| 4:26 | Create | Villager (Male) |
| 5:02 | Create | Villager (Male) |
| 5:02 | Create | Villager (Male) |
| 5:20 | Create | Villager (Male) |
| 5:23 | Build | Mill |
| 5:41 | Build | Mill |
| 5:53 | Create | Villager (Male) |
| 5:53 | Create | Villager (Male) |
| 5:54 | Create | Villager (Male) |
| 5:54 | Create | Villager (Male) |
| 6:34 | Create | Villager (Male) |
| 6:35 | Create | Villager (Male) |
| 6:42 | Create | Villager (Male) |
| 6:42 | Create | Villager (Male) |
| 7:03 | Create | Villager (Male) |
| 7:04 | Create | Villager (Male) |
| 7:39 | Create | Villager (Male) |
| 8:38 | Research | Feudal Age |
| 9:05 | Build | Mining Camp |
| 9:10 | Build | Mining Camp |
| 9:48 | Build | Farm |
| 9:51 | Build | Farm |
| 10:28 | Create | Villager (Male) |
| 10:29 | Create | Villager (Male) |
| 10:58 | Age | Feudal Age |
| 11:01 | Build | Market |
| 11:17 | Build | Blacksmith |
| 11:43 | Research | Castle Age |
| 11:43 | Research | Castle Age |
| 12:05 | Build | House |
| 12:23 | Research | Double-Bit Axe |
| 13:12 | Research | Horse Collar |
| 13:25 | Build | Farm |
| 13:28 | Build | Farm |
| 13:31 | Build | Farm |
| 13:35 | Create | Villager (Male) |
| 14:28 | Age | Castle Age |
| 14:31 | Create | Villager (Male) |
| 14:35 | Build | Town Center |
| 14:42 | Build | Town Center |
| 14:55 | Create | Villager (Male) |
| 14:57 | Build | Farm |
| 15:23 | Create | Villager (Male) |
| 15:24 | Build | Farm |
| 15:41 | Create | Villager (Male) |
| 15:44 | Build | Farm |
| 15:46 | Build | Farm |
| 15:49 | Build | Farm |
| 15:56 | Research | Wheelbarrow |
| 16:20 | Build | Farm |
| 16:24 | Build | Farm |
| 16:33 | Create | Villager (Male) |
| 16:38 | Create | Villager (Male) |
| 16:48 | Build | Farm |
| 16:54 | Create | Villager (Male) |
| 16:56 | Create | Villager (Male) |
| 17:20 | Create | Villager (Male) |
| 17:21 | Create | Villager (Male) |
| 17:21 | Create | Villager (Male) |
| 17:39 | Build | Stone Wall |
| 17:40 | Create | Villager (Male) |
| 17:40 | Create | Villager (Male) |
| 17:44 | Build | Farm |
| 17:52 | Build | Stone Wall |
| 17:54 | Build | Stone Wall |
| 18:05 | Create | Villager (Male) |
| 18:06 | Create | Villager (Male) |
| 18:06 | Create | Villager (Male) |
| 18:18 | Create | Villager (Male) |
| 18:18 | Create | Villager (Male) |
| 18:29 | Create | Villager (Male) |
| 18:29 | Create | Villager (Male) |
| 18:29 | Create | Villager (Male) |
| 18:36 | Build | Farm |
| 18:39 | Create | Villager (Male) |
| 18:39 | Create | Villager (Male) |
| 19:04 | Build | Barracks |
| 19:10 | Create | Villager (Male) |
| 19:11 | Create | Villager (Male) |
| 19:11 | Create | Villager (Male) |
| 19:21 | Create | Villager (Male) |
| 19:22 | Create | Villager (Male) |
| 19:34 | Create | Villager (Male) |
| 19:35 | Create | Villager (Male) |
| 19:46 | Create | Villager (Male) |
| 19:54 | Build | Stable |
| 19:54 | Create | Villager (Male) |
| 19:55 | Create | Villager (Male) |
| 20:03 | Build | House |
| 20:04 | Build | House |
| 20:22 | Build | Castle |
| 20:25 | Create | Villager (Male) |
| 20:26 | Create | Spearman |
| 20:35 | Build | House |
| 20:36 | Create | Knight |
| 20:38 | Create | Villager (Male) |
| 20:38 | Create | Villager (Male) |
| 21:00 | Create | Villager (Male) |
| 21:01 | Create | Villager (Male) |
| 21:03 | Build | Farm |
| 21:04 | Build | Farm |
| 21:05 | Build | Farm |
| 21:08 | Create | Villager (Male) |
| 21:08 | Create | Villager (Male) |
| 21:28 | Create | Villager (Male) |
| 21:29 | Create | Villager (Male) |
| 21:29 | Create | Villager (Male) |
| 21:46 | Create | Villager (Male) |
| 21:47 | Create | Villager (Male) |
| 21:52 | Create | Magyar Huszar |
| 21:52 | Create | Magyar Huszar |
| 22:06 | Create | Villager (Male) |
| 22:06 | Create | Villager (Male) |
| 22:22 | Create | Magyar Huszar |
| 22:23 | Create | Magyar Huszar |
| 22:27 | Create | Villager (Male) |
| 22:27 | Create | Villager (Male) |
| 22:34 | Build | Monastery |
| 22:57 | Create | Magyar Huszar |
| 22:57 | Create | Magyar Huszar |
| 23:02 | Create | Villager (Male) |
| 23:02 | Create | Villager (Male) |
| 23:15 | Create | Villager (Male) |
| 23:15 | Create | Villager (Male) |
Build order — Tejo y Pola
First 150 of 250 actions detected
| 0:01 | Create | Villager (Male) |
| 0:01 | Create | Villager (Male) |
| 0:03 | Build | House |
| 0:04 | Build | House |
| 0:20 | Create | Villager (Male) |
| 0:21 | Create | Villager (Male) |
| 0:21 | Create | Villager (Male) |
| 1:25 | Create | Villager (Male) |
| 1:25 | Create | Villager (Male) |
| 1:45 | Build | Lumber Camp |
| 1:56 | Create | Villager (Male) |
| 2:20 | Create | Villager (Male) |
| 2:20 | Create | Villager (Male) |
| 2:46 | Create | Villager (Male) |
| 2:46 | Create | Villager (Male) |
| 3:14 | Build | House |
| 3:18 | Create | Villager (Male) |
| 3:18 | Create | Villager (Male) |
| 3:19 | Create | Villager (Male) |
| 3:19 | Create | Villager (Male) |
| 4:16 | Create | Villager (Male) |
| 4:17 | Create | Villager (Male) |
| 4:17 | Create | Villager (Male) |
| 4:20 | Build | Mill |
| 5:16 | Create | Villager (Male) |
| 5:46 | Research | Loom |
| 5:47 | Research | Loom |
| 6:19 | Research | Feudal Age |
| 6:19 | Research | Feudal Age |
| 6:19 | Research | Feudal Age |
| 6:29 | Build | Mining Camp |
| 6:58 | Build | House |
| 7:35 | Build | Palisade Wall |
| 7:44 | Create | Villager (Male) |
| 7:45 | Create | Villager (Male) |
| 8:31 | Age | Feudal Age |
| 8:37 | Build | Watch Tower |
| 8:43 | Create | Villager (Male) |
| 8:49 | Research | Double-Bit Axe |
| 8:50 | Research | Double-Bit Axe |
| 9:32 | Build | House |
| 9:35 | Create | Villager (Male) |
| 9:56 | Create | Villager (Male) |
| 10:06 | Build | Blacksmith |
| 10:23 | Build | Watch Tower |
| 10:57 | Create | Villager (Male) |
| 10:58 | Create | Villager (Male) |
| 11:00 | Research | Fletching |
| 11:00 | Research | Fletching |
| 11:18 | Create | Villager (Male) |
| 11:27 | Build | Outpost |
| 11:31 | Build | Farm |
| 11:32 | Build | Farm |
| 11:48 | Create | Villager (Male) |
| 12:06 | Build | Farm |
| 12:11 | Create | Villager (Male) |
| 12:18 | Build | Watch Tower |
| 12:41 | Build | House |
| 13:20 | Build | Palisade Wall |
| 13:21 | Build | Palisade Wall |
| 13:21 | Build | Palisade Wall |
| 13:26 | Build | Palisade Wall |
| 13:26 | Build | Palisade Wall |
| 13:30 | Create | Villager (Male) |
| 13:32 | Create | Villager (Male) |
| 13:36 | Build | Farm |
| 13:38 | Build | House |
| 13:52 | Build | Outpost |
| 13:58 | Build | Palisade Wall |
| 13:59 | Build | Palisade Wall |
| 13:59 | Build | Palisade Wall |
| 14:00 | Build | Palisade Wall |
| 14:00 | Build | Palisade Wall |
| 14:05 | Build | Palisade Wall |
| 14:12 | Build | House |
| 14:19 | Build | Palisade Wall |
| 14:19 | Build | Palisade Wall |
| 14:20 | Build | Palisade Wall |
| 14:21 | Build | Palisade Wall |
| 14:21 | Build | Palisade Wall |
| 14:22 | Build | Palisade Wall |
| 14:22 | Build | Palisade Wall |
| 14:31 | Create | Villager (Male) |
| 14:47 | Create | Villager (Male) |
| 14:49 | Build | Farm |
| 14:51 | Build | Farm |
| 14:52 | Create | Villager (Male) |
| 15:09 | Build | Watch Tower |
| 15:10 | Create | Villager (Male) |
| 15:15 | Build | Farm |
| 15:24 | Create | Villager (Male) |
| 15:51 | Create | Villager (Male) |
| 15:54 | Build | Farm |
| 15:57 | Build | House |
| 15:58 | Build | House |
| 16:29 | Build | Farm |
| 16:30 | Create | Villager (Male) |
| 16:49 | Create | Villager (Male) |
| 16:54 | Build | Mining Camp |
| 17:10 | Build | House |
| 17:31 | Create | Villager (Male) |
| 17:36 | Build | Farm |
| 18:18 | Create | Villager (Male) |
| 18:18 | Create | Villager (Male) |
| 18:27 | Build | Watch Tower |
| 18:45 | Create | Villager (Male) |
| 18:47 | Build | Farm |
| 18:52 | Build | Palisade Wall |
| 18:52 | Build | Palisade Wall |
| 18:53 | Build | Palisade Wall |
| 18:54 | Build | Palisade Wall |
| 18:55 | Build | Palisade Wall |
| 18:55 | Build | Palisade Wall |
| 18:55 | Build | Palisade Wall |
| 19:29 | Build | Watch Tower |
| 20:30 | Build | Watch Tower |
| 20:49 | Create | Villager (Male) |
| 20:49 | Create | Villager (Male) |
| 20:50 | Create | Villager (Male) |
| 20:57 | Build | Market |
| 21:57 | Build | House |
| 21:57 | Build | House |
| 21:58 | Research | Castle Age |
| 21:59 | Research | Castle Age |
| 21:59 | Research | Castle Age |
| 22:04 | Build | Lumber Camp |
| 22:39 | Build | House |
| 22:42 | Build | House |
| 22:49 | Build | House |
| 23:11 | Build | Palisade Wall |
| 23:36 | Build | Stone Wall |
| 23:38 | Build | Stone Wall |
| 23:42 | Build | Watch Tower |
| 23:56 | Create | Villager (Male) |
| 23:56 | Create | Villager (Male) |
| 24:01 | Research | Horse Collar |
| 24:01 | Research | Gold Mining |
| 24:02 | Research | Gold Mining |
| 24:44 | Age | Castle Age |
| 24:59 | Research | Bodkin Arrow |
| 24:59 | Research | Bodkin Arrow |
| 25:10 | Build | Town Center |
| 25:12 | Create | Villager (Male) |
| 25:15 | Build | Town Center |
| 25:50 | Build | Siege Workshop |
| 26:30 | Build | Stone Wall |
| 26:32 | Build | Stone Wall |
| 26:38 | Create | Iron Pagoda |
| 26:53 | Build | Stone Wall |
| 26:56 | Create | Villager (Male) |
Build order — Dren
First 150 of 348 actions detected
| 0:01 | Create | Villager (Male) |
| 0:02 | Create | Villager (Male) |
| 0:03 | Build | House |
| 0:23 | Create | Villager (Male) |
| 0:24 | Create | Villager (Male) |
| 0:24 | Create | Villager (Male) |
| 1:27 | Create | Villager (Male) |
| 1:27 | Create | Villager (Male) |
| 1:50 | Build | House |
| 1:58 | Create | Villager (Male) |
| 1:58 | Create | Villager (Male) |
| 2:13 | Build | Lumber Camp |
| 2:14 | Create | Villager (Male) |
| 2:14 | Create | Villager (Male) |
| 2:39 | Create | Villager (Male) |
| 2:40 | Create | Villager (Male) |
| 3:08 | Create | Villager (Male) |
| 3:09 | Create | Villager (Male) |
| 3:09 | Create | Villager (Male) |
| 3:36 | Create | Villager (Male) |
| 3:36 | Create | Villager (Male) |
| 3:37 | Create | Villager (Male) |
| 3:51 | Build | House |
| 4:03 | Create | Villager (Male) |
| 4:03 | Create | Villager (Male) |
| 4:03 | Create | Villager (Male) |
| 4:27 | Create | Villager (Male) |
| 4:27 | Create | Villager (Male) |
| 4:27 | Create | Villager (Male) |
| 4:46 | Create | Villager (Male) |
| 4:46 | Create | Villager (Male) |
| 4:47 | Create | Villager (Male) |
| 5:38 | Build | Mill |
| 5:45 | Create | Villager (Male) |
| 5:45 | Create | Villager (Male) |
| 5:49 | Build | House |
| 6:09 | Create | Villager (Male) |
| 6:17 | Create | Villager (Male) |
| 6:29 | Create | Villager (Male) |
| 6:29 | Create | Villager (Male) |
| 6:29 | Create | Villager (Male) |
| 6:39 | Create | Villager (Male) |
| 6:39 | Create | Villager (Male) |
| 6:57 | Create | Villager (Male) |
| 6:57 | Create | Villager (Male) |
| 6:57 | Create | Villager (Male) |
| 7:14 | Create | Villager (Male) |
| 7:25 | Create | Villager (Male) |
| 7:53 | Build | House |
| 8:56 | Research | Loom |
| 9:09 | Build | Palisade Wall |
| 9:13 | Build | Palisade Wall |
| 9:23 | Build | Palisade Wall |
| 9:29 | Create | Villager (Male) |
| 9:29 | Create | Villager (Male) |
| 10:06 | Build | Mining Camp |
| 10:09 | Build | Mining Camp |
| 10:19 | Research | Feudal Age |
| 10:46 | Build | Palisade Wall |
| 10:48 | Build | Palisade Wall |
| 10:56 | Build | Farm |
| 10:57 | Build | Farm |
| 11:05 | Build | Palisade Wall |
| 11:14 | Build | Palisade Gate |
| 11:17 | Build | Palisade Wall |
| 11:25 | Build | Palisade Wall |
| 11:35 | Build | Palisade Wall |
| 11:44 | Create | Villager (Male) |
| 11:51 | Build | Palisade Gate |
| 12:37 | Age | Feudal Age |
| 12:40 | Build | Watch Tower |
| 12:42 | Build | House |
| 12:55 | Build | Blacksmith |
| 13:07 | Create | Villager (Male) |
| 13:19 | Build | Gate |
| 13:30 | Build | Mining Camp |
| 13:36 | Build | House |
| 14:00 | Build | Market |
| 14:01 | Create | Villager (Male) |
| 14:21 | Create | Villager (Male) |
| 14:33 | Build | Farm |
| 14:38 | Research | Castle Age |
| 14:59 | Build | Farm |
| 15:01 | Build | Farm |
| 15:03 | Build | Farm |
| 15:13 | Create | Villager (Male) |
| 15:20 | Build | Farm |
| 15:21 | Build | Farm |
| 15:29 | Build | Farm |
| 15:31 | Build | Farm |
| 16:31 | Build | Farm |
| 16:37 | Build | Farm |
| 16:40 | Build | Farm |
| 16:56 | Research | Double-Bit Axe |
| 17:06 | Research | Fletching |
| 17:06 | Research | Fletching |
| 17:18 | Age | Castle Age |
| 17:23 | Build | Town Center |
| 17:25 | Create | Villager (Male) |
| 17:47 | Create | Villager (Male) |
| 17:48 | Create | Villager (Male) |
| 17:59 | Build | House |
| 18:05 | Research | Horse Collar |
| 18:05 | Research | Horse Collar |
| 18:28 | Create | Villager (Male) |
| 18:29 | Create | Villager (Male) |
| 18:32 | Build | Farm |
| 18:35 | Build | Farm |
| 18:45 | Create | Villager (Male) |
| 18:49 | Build | House |
| 19:03 | Create | Villager (Male) |
| 19:04 | Create | Villager (Male) |
| 19:07 | Build | Farm |
| 19:17 | Build | Farm |
| 19:23 | Build | House |
| 19:25 | Create | Villager (Male) |
| 19:26 | Create | Villager (Male) |
| 19:42 | Build | Palisade Wall |
| 19:45 | Create | Villager (Male) |
| 19:51 | Create | Villager (Male) |
| 20:04 | Build | Town Center |
| 20:13 | Build | Farm |
| 20:17 | Create | Villager (Male) |
| 20:19 | Create | Villager (Male) |
| 20:27 | Build | House |
| 20:35 | Build | Lumber Camp |
| 20:36 | Create | Villager (Male) |
| 20:51 | Create | Villager (Male) |
| 21:05 | Create | Villager (Male) |
| 21:06 | Create | Villager (Male) |
| 21:12 | Research | Bow Saw |
| 21:12 | Research | Bow Saw |
| 21:15 | Create | Villager (Male) |
| 21:15 | Create | Villager (Male) |
| 21:18 | Build | Farm |
| 21:18 | Build | Farm |
| 21:20 | Build | Farm |
| 21:27 | Create | Villager (Male) |
| 21:28 | Create | Villager (Male) |
| 21:31 | Build | Farm |
| 21:36 | Build | Farm |
| 21:37 | Create | Villager (Male) |
| 21:42 | Build | Farm |
| 21:45 | Create | Villager (Male) |
| 21:46 | Create | Villager (Male) |
| 21:49 | Build | Farm |
| 21:55 | Build | House |
| 21:57 | Create | Villager (Male) |
| 22:08 | Create | Villager (Male) |
| 22:08 | Create | Villager (Male) |
Match timeline
| 4:31 | Paradox · wall_segment Palisade Wall x1 |
| 4:32 | Paradox · wall_segment Palisade Wall x1 |
| 5:03 | Papi Char · wall_segment Palisade Wall x1 |
| 7:35 | Tejo y Pola · wall_segment Palisade Wall x1 |
| 8:31 | Tejo y Pola · age_up feudal |
| 9:09 | Dren · wall_segment Palisade Wall x6 |
| 9:13 | Dren · wall_segment Palisade Wall x5 |
| 9:23 | Dren · wall_segment Palisade Wall x6 |
| 10:17 | MrLokura · age_up feudal |
| 10:46 | Dren · wall_segment Palisade Wall x1 |
| 10:48 | Dren · wall_segment Palisade Wall x1 |
| 10:56 | Paradox · age_up feudal |
| 10:58 | 北冥有鲲 · age_up feudal |
| 11:05 | Dren · wall_segment Palisade Wall x7 |
| 11:17 | Dren · wall_segment Palisade Wall x1 |
| 11:25 | Dren · wall_segment Palisade Wall x1 |
| 11:35 | Dren · wall_segment Palisade Wall x1 |
| 11:46 | Papi Char · age_up feudal |
| 12:28 | MrLokura · first_market_sell 100 wood |
| 12:37 | Dren · age_up feudal |
| 12:39 | Papi Char · first_market_sell 100 stone |
| 12:43 | MrLokura · first_market_buy 100 food |
| 13:20 | Tejo y Pola · wall_segment Palisade Wall x1 |
| 13:21 | Tejo y Pola · wall_segment Palisade Wall x1 |
| 13:21 | Tejo y Pola · wall_segment Palisade Wall x1 |
| 13:26 | Tejo y Pola · wall_segment Palisade Wall x1 |
| 13:26 | Tejo y Pola · wall_segment Palisade Wall x1 |
| 13:58 | Tejo y Pola · wall_segment Palisade Wall x1 |
| 13:59 | Tejo y Pola · wall_segment Palisade Wall x1 |
| 13:59 | Tejo y Pola · wall_segment Palisade Wall x1 |
| 14:00 | Tejo y Pola · wall_segment Palisade Wall x1 |
| 14:00 | Tejo y Pola · wall_segment Palisade Wall x1 |
| 14:05 | Tejo y Pola · wall_segment Palisade Wall x1 |
| 14:19 | Tejo y Pola · wall_segment Palisade Wall x1 |
| 14:19 | Tejo y Pola · wall_segment Palisade Wall x1 |
| 14:20 | Tejo y Pola · wall_segment Palisade Wall x1 |
| 14:21 | Tejo y Pola · wall_segment Palisade Wall x1 |
| 14:21 | Tejo y Pola · wall_segment Palisade Wall x1 |
| 14:22 | Tejo y Pola · wall_segment Palisade Wall x1 |
| 14:22 | Tejo y Pola · wall_segment Palisade Wall x1 |
| 14:26 | Paradox · age_up castle |
| 14:28 | 北冥有鲲 · age_up castle |
| 14:38 | Dren · first_market_sell 100 wood |
| 15:19 | Papi Char · age_up castle |
| 15:26 | MrLokura · age_up castle |
| 15:36 | Dren · first_market_buy 100 stone |
| 17:18 | Dren · age_up castle |
| 17:39 | 北冥有鲲 · wall_segment Stone Wall x1 |
| 17:52 | 北冥有鲲 · wall_segment Stone Wall x1 |
| 17:54 | 北冥有鲲 · wall_segment Stone Wall x2 |
| 18:52 | Tejo y Pola · wall_segment Palisade Wall x1 |
| 18:52 | Tejo y Pola · wall_segment Palisade Wall x1 |
| 18:53 | Tejo y Pola · wall_segment Palisade Wall x1 |
| 18:54 | Tejo y Pola · wall_segment Palisade Wall x1 |
| 18:55 | Tejo y Pola · wall_segment Palisade Wall x1 |
| 18:55 | Tejo y Pola · wall_segment Palisade Wall x1 |
| 18:55 | Tejo y Pola · wall_segment Palisade Wall x1 |
| 19:04 | 北冥有鲲 · first_building Barracks |
| 19:42 | Dren · wall_segment Palisade Wall x1 |
| 19:54 | 北冥有鲲 · first_building Stable |
| 20:22 | 北冥有鲲 · first_building Castle |
| 21:03 | Paradox · first_building Siege Workshop |
| 21:08 | MrLokura · first_building Castle |
| 22:20 | Paradox · first_market_buy 100 food |
| 22:29 | MrLokura · first_building Barracks |
| 22:34 | 北冥有鲲 · first_building Monastery |
| 23:11 | Tejo y Pola · wall_segment Palisade Wall x1 |
| 23:17 | 北冥有鲲 · first_building Siege Workshop |
| 23:26 | MrLokura · first_building Archery Range |
| 23:28 | 北冥有鲲 · first_market_buy 100 stone |
| 23:36 | Tejo y Pola · wall_segment Stone Wall x1 |
| 23:38 | Tejo y Pola · wall_segment Stone Wall x1 |
| 23:51 | Paradox · first_building Castle |
| 24:44 | Tejo y Pola · age_up castle |
| 25:13 | Papi Char · first_building Monastery |
| 25:50 | Tejo y Pola · first_building Siege Workshop |
| 26:18 | Paradox · age_up imperial |
| 26:30 | Tejo y Pola · wall_segment Stone Wall x1 |
| 26:32 | Dren · first_building Siege Workshop |
| 26:32 | Tejo y Pola · wall_segment Stone Wall x1 |
| 26:53 | Tejo y Pola · wall_segment Stone Wall x3 |
| 27:03 | Papi Char · first_market_buy 100 stone |
| 27:11 | Papi Char · first_building Castle |
| 27:16 | Dren · first_building Monastery |
| 28:13 | MrLokura · age_up imperial |
| 29:24 | Dren · first_building Barracks |
| 29:29 | Papi Char · age_up imperial |
| 29:50 | Tejo y Pola · first_building Castle |
| 30:17 | Paradox · first_market_sell 100 food |
| 31:22 | Dren · age_up imperial |
| 32:16 | MrLokura · resign |
| 32:32 | 北冥有鲲 · first_building Archery Range |
| 32:34 | Dren · first_building Archery Range |
| 32:45 | Paradox · first_building Barracks |
| 33:27 | Tejo y Pola · first_building Barracks |
| 33:38 | Dren · wall_segment Stone Wall x1 |
| 33:51 | Paradox · first_building Archery Range |
[ AI ANALYSIS · 1 CREDIT ]
What really happened in this match?
Wolo.gg analyzes every decision: build order, eco, micro, common mistakes by bracket. Personalized analysis on WhatsApp or Discord in 30 seconds.
Civ guide
Italians
Perfil
Jugador #11844880